AoeStats
← A Casa Gordito

Black Forest

509743777Analyzed
4v4 RM · 5d ago on Sep 27, 2026· 85m 44s· 8 players
Game mode
Random Map
Map size
Large (8 player)
Population
200
Speed
Normal
Resources
Standard
Victory
Conquest
Starting age
Dark Age
Ending age
Imperial Age
RankedLock teamsTeams togetherTeam positionsShared explorationLock speedFull tech treeHidden civsTurbo modeCheats
Victory
Defeat
🇺🇾 Britons · Uruguay
1042
+12
🇺🇾 Lithuanians · Uruguay
989
+14
🇺🇾 Bulgarians · Uruguay
968
+15
🇺🇾 Teutons · Uruguay
933
+39
🇮🇩 Britons · Indonesia
963
-15
🇮🇩 Huns · Indonesia
960
-15
🇷🇴 Vikings · Romania
920
-13
🇺🇸 Byzantines · United States
907
-13
PoofyCastle58
1:44 Loom
5:06 Loom
14:44 Feudal Age
19:53 Castle Age
18:01 Double-Bit Axe
17:59 Horse Collar
19:09 Stone Mining
19:11 Gold Mining
22:24 Wheelbarrow
26:01 Hand Cart
32:27 Imperial Age
30:29 Bow Saw
30:21 Heavy Plow
33:42 Scale Mail Armor
33:11 Elite Varangian Guard
35:15 Two-Man Saw
34:55 Squires
35:45 Logistica
35:30 Gambesons
35:31 Arson
36:42 Conscription
36:39 Chain Mail Armor
37:34 Gold Shaft Mining
38:35 Chemistry
38:47 Plate Mail Armor
38:28 Forging
39:24 Ballistics
39:32 Elite Cataphract
39:36 Pikeman
40:09 Halberdier
42:08 Iron Casting
41:39 Scale Barding Armor
41:38 Husbandry
40:59 Heavy Camel Rider
43:55 Chain Barding Armor
45:21 Hoardings
46:22 Plate Barding Armor
58:05 Light Cavalry
59:25 Light Cavalry
61:38 Hussar
SH3RK1
2:08 Loom
13:54 Feudal Age
18:47 Castle Age
17:00 Double-Bit Axe
21:13 Gold Mining
21:36 Bow Saw
21:42 Town Watch
24:05 Town Patrol
24:27 Stone Mining
24:21 Horse Collar
25:32 Heavy Plow
26:19 Gold Shaft Mining
33:32 Imperial Age
31:51 Arson
32:21 Squires
32:42 Forging
32:32 Scale Mail Armor
34:04 Iron Casting
33:43 Caravan
33:36 Elite Varangian Guard
35:25 Chieftains
36:57 Crop Rotation
38:06 Two-Man Saw
40:30 Blast Furnace
39:46 Chain Mail Armor
39:59 Conscription
49:36 Masonry
49:40 Fortified Wall
51:46 Onager
52:51 Ballistics
53:03 Architecture
53:15 Heavy Scorpion
55:42 Plate Mail Armor
marcopolo
0:28 Loom
14:07 Feudal Age
19:48 Castle Age
18:20 Double-Bit Axe
18:41 Horse Collar
25:39 Fletching
25:49 Padded Archer Armor
29:41 Bodkin Arrow
29:46 Padded Archer Armor
30:17 Bow Saw
33:52 Imperial Age
32:27 Wheelbarrow
32:02 Gold Mining
32:02 Stone Mining
32:12 Stone Mining
32:37 Pikeman
33:17 Squires
33:24 Scale Mail Armor
33:35 Forging
34:58 Caravan
35:39 Gold Shaft Mining
36:13 Hand Cart
36:23 Halberdier
37:15 Man-at-Arms
37:41 Gambesons
38:07 Elite Longbowman
40:22 Ballistics
41:04 Chemistry
40:11 Bracer
40:27 Leather Archer Armor
40:47 Iron Casting
40:28 Chain Mail Armor
40:41 Long Swordsman
41:07 Arson
44:34 Two-Handed Swordsman
51:52 Capped Ram
54:44 Warwolf
55:11 Two-Handed Swordsman
58:06 Onager
58:28 Onager
61:57 Two-Man Saw
62:13 Hoardings
66:16 Champion
74:57 Blast Furnace
74:27 Plate Mail Armor
74:28 Ring Archer Armor
Sleeperis4065
4:20 Loom
11:20 Feudal Age
15:55 Castle Age
16:28 Horse Collar
16:43 Gold Mining
17:04 Double-Bit Axe
20:28 Forging
21:12 Heavy Plow
23:52 Scale Barding Armor
23:53 Fletching
24:55 Iron Casting
25:38 Chain Barding Armor
32:13 Imperial Age
30:41 Gold Shaft Mining
31:30 Bow Saw
31:46 Scale Mail Armor
33:08 Chain Mail Armor
34:17 Wheelbarrow
33:29 Town Watch
34:50 Blast Furnace
34:28 Plate Barding Armor
34:00 Marauders
34:31 Man-at-Arms
35:15 Squires
35:01 Arson
36:41 Husbandry
36:51 Bloodlines
37:31 Elite Tarkan
37:58 Long Swordsman
38:58 Two-Handed Swordsman
40:37 Pikeman
56:49 Caravan
57:00 Guilds
Danubio Futbol Club
0:44 Loom
11:47 Feudal Age
15:27 Castle Age
13:08 Horse Collar
13:28 Double-Bit Axe
24:56 Wheelbarrow
24:07 Town Watch
28:26 Gold Mining
28:27 Stone Mining
29:27 Bow Saw
29:35 Hand Cart
29:29 Town Patrol
29:11 Pikeman
30:22 Heavy Plow
32:14 Gold Shaft Mining
34:12 Imperial Age
32:37 Bloodlines
32:28 Husbandry
31:49 Light Cavalry
32:39 Caravan
33:09 Coinage
33:06 Forging
32:56 Scale Mail Armor
33:03 Scale Barding Armor
34:06 Ballistics
34:19 Onager
36:08 Chemistry
36:22 Iron Casting
36:03 Chain Mail Armor
36:08 Chain Barding Armor
35:11 Hussar
37:46 Conscription
37:24 Stirrups
37:07 Siege Onager
38:58 Blast Furnace
38:28 Plate Mail Armor
38:38 Plate Barding Armor
38:48 Siege Engineers
39:05 Ballistics
38:43 Murder Holes
40:18 Plate Mail Armor
39:21 Halberdier
50:32 Squires
50:20 Arson
51:28 Bagains
50:49 Elite Konnik
54:32 Capped Ram
55:45 Siege Ram
55:49 Heavy Scorpion
61:11 Ballistics
61:49 Fletching
61:59 Padded Archer Armor
67:23 Bodkin Arrow
68:01 Banking
70:39 Guard Tower
71:00 Masonry
72:18 Bracer
72:33 Leather Archer Armor
82:08 Spies/Treason
A Casa Gordito
0:48 Loom
13:15 Feudal Age
14:09 Horse Collar
14:14 Double-Bit Axe
18:07 Castle Age
19:04 Bow Saw
18:57 Heavy Plow
23:26 Stone Mining
24:27 Pikeman
33:13 Imperial Age
31:19 Wheelbarrow
32:06 Padded Archer Armor
32:30 Hand Cart
32:18 Gold Mining
32:49 Fletching
35:21 Two-Man Saw
34:12 Halberdier
35:06 Forging
34:56 Scale Mail Armor
34:52 Bodkin Arrow
35:12 Leather Archer Armor
35:37 Gold Shaft Mining
35:18 Squires
35:03 Arson
36:19 Bracer
36:55 Iron Casting
36:35 Chain Mail Armor
36:44 Town Watch
37:44 Town Patrol
38:53 Blast Furnace
38:56 Chemistry
38:16 Ballistics
38:01 Siege Engineers
38:17 Shipwright
38:09 Fortified Wall
38:44 Plate Mail Armor
38:44 Ring Archer Armor
38:44 Conscription
37:47 Elite Longbowman
39:54 Yeomen
40:09 Warwolf
40:26 Warwolf
41:39 Elite Skirmisher
41:39 Cranequins
65:32 Scale Barding Armor
69:49 Crossbowman
70:44 Arbalester
81:16 Capped Ram
cev7
5:28 Loom
11:35 Feudal Age
16:12 Castle Age
14:08 Horse Collar
15:41 Double-Bit Axe
25:23 Forging
25:13 Scale Mail Armor
26:00 Squires
27:17 Wheelbarrow
27:08 Town Watch
30:52 Hand Cart
33:10 Imperial Age
32:01 Iron Casting
31:26 Scale Mail Armor
34:57 Blast Furnace
34:13 Chain Mail Armor
34:35 Hand Cart
34:26 Elite Skirmisher
36:28 Fletching
36:38 Padded Archer Armor
37:10 Plate Mail Armor
37:20 Town Patrol
37:52 Caravan
38:33 Bodkin Arrow
41:43 Leather Archer Armor
43:38 Bow Saw
44:22 Ring Archer Armor
53:59 Chemistry
53:19 Ballistics
53:23 Elite Teutonic Knight
57:35 Bombard Tower
58:36 Redemption
79:13 Pikeman
79:38 Gambesons
84:49 Halberdier
Vincun
0:41 Loom
13:06 Feudal Age
16:59 Castle Age
17:18 Horse Collar
25:38 Wheelbarrow
25:21 Heavy Plow
25:13 Double-Bit Axe
30:38 Wheelbarrow
32:32 Hand Cart
32:18 Fletching
32:39 Forging
32:35 Scale Barding Armor
36:34 Imperial Age
34:11 Husbandry
34:41 Bloodlines
34:49 Squires
34:10 Pikeman
35:54 Bodkin Arrow
36:35 Iron Casting
36:22 Chain Barding Armor
36:13 Padded Archer Armor
36:14 Scale Mail Armor
37:57 Conscription
38:20 Crop Rotation
38:08 Bow Saw
37:54 Gold Mining
38:01 Stone Mining
38:05 Cavalier
39:37 Plate Barding Armor
39:03 Bracer
41:39 Elite Leitis
43:13 Elite Skirmisher
44:47 Leather Archer Armor
44:48 Chain Mail Armor
44:20 Light Cavalry
49:24 Ring Archer Armor
49:59 Two-Man Saw
53:36 Capped Ram
57:23 Winged Hussar
59:52 Chemistry
Connection lost

Rejoining the realm…

Still unreachable

The connection could not be restored.

Session expired

The server has moved on; the page needs a fresh start.